Map: Catalyst LE

Players

WiNdRiVeN - Winner!

  • Race: Zerg Zerg
  • League: Master
  • Spawn Location: 11:00

Solaries

  • Race: Protoss Protoss
  • League: Master
  • Spawn Location: 5:00

VOD

Have the link to the VOD?

Description

Time

  • Played on: July 29, 2018, 4:56 p.m.
  • Length: 10:08
Show
View Real Time Build Order
Export as new Build Order

WiNdRiVeN Zerg - Winner!

Build Orders: Pool First 

Get SALT Encoding   

  12  0:00  Drone  
  13  0:12  Overlord  
  13  0:17  Drone  
  14  0:30  Drone x2  
  14  0:34  Drone  
  17  0:44  Drone  
  18  0:55  Spawning Pool  
  17  0:57  Drone  
  17  0:58  Extractor  
  17  1:10  Drone  
  18  1:17  Overlord  
  18  1:45  Zergling x4  
  20  1:49  Queen  
  20  1:51  Spine Crawler  
  22  1:55  Hatchery  
  21  2:08  Metabolic Boost  
  21  2:13  Zergling x4  
  23  2:19  Spine Crawler  
  23  2:22  Zergling x2  
  23  2:31  Zergling x2  
  24  2:39  Spine Crawler  
  23  2:44  Overlord  
  23  2:45  Drone  
  24  2:53  Spine Crawler  
  24  2:56  Zergling x2  
  24  2:57  Zergling x2  
  25  3:06  Drone  
  26  3:20  Zergling x10  
  31  3:30  Zergling x2  
  32  3:36  Zergling x2  
  32  3:38  Queen  
  32  3:55  Zergling x8  
  25  4:09  Zergling x2  
  25  4:13  Zergling x2  
  25  4:14  Zergling x6  
  29  4:20  Zergling x2  
  29  4:21  Zergling x2  
  30  4:28  Zergling x2  
  31  4:31  Zergling x2  
  33  4:39  Zergling x2  
  33  4:47  Drone  
  33  4:49  Spore Crawler  
  33  4:50  Drone x2  
  33  4:51  Drone  
  36  4:58  Drone x3  
  37  5:02  Extractor  
  37  5:04  Drone  
  37  5:17  Lair  
  37  5:18  Overlord  
  37  5:19  Drone  
  38  5:25  Drone x2  
  38  5:27  Drone  
  41  5:31  Drone  
  41  5:35  Drone  
  43  5:40  Spore Crawler  
  42  5:43  Drone  
  42  5:46  Drone  
  44  5:53  Overlord  
  44  5:55  Drone x2  
  46  5:59  Drone  
  46  6:00  Drone  
  48  6:14  Spore Crawler  
  48  6:16  Spore Crawler  
  46  6:21  Spore Crawler  
  46  6:25  Overlord x2  
  45  6:28  Drone  
  45  6:29  Drone, Hydralisk Den  
  45  6:32  Drone  
  47  6:39  Drone, Evolution Chamber  
  47  6:40  Drone  
  47  6:43  Drone  
  49  6:47  Spore Crawler  
  49  6:49  Drone  
  49  6:50  Drone  
  50  6:56  Drone  
  50  6:57  Extractor  
  50  6:58  Extractor, Drone  
  50  7:03  Grooved Spines  
  50  7:04  Drone  
  50  7:05  Drone  
  52  7:10  Zerg Missile Weapons Level 1  
  52  7:18  Drone x4  
  56  7:33  Drone x2  
  56  7:35  Overlord x3  
  58  7:42  Lurker Den  
  53  7:56  Hydralisk x4  
  53  7:57  Hydralisk  
  62  8:05  Hydralisk x2  
  59  8:11  Hydralisk  
  59  8:12  Hydralisk  
  66  8:20  Muscular Augments  
  66  8:22  Hydralisk  
  66  8:23  Hydralisk  
  70  8:29  Hydralisk  
  70  8:30  Hydralisk  
  74  8:35  Hydralisk  
  74  8:39  Hydralisk  
  74  8:41  Hydralisk  
  78  8:48  Hydralisk x2  
  84  8:59  Drone  
  85  9:04  Hatchery, Hydralisk  
  86  9:11  Lurker x3  
  89  9:19  Hydralisk  
  91  9:25  Overlord x2  
  91  9:31  Overlord x2  
Show
View Real Time Build Order
Export as new Build Order

Solaries Protoss 

Build Orders:  

Get SALT Encoding   

  12  0:00  Probe  
  13  0:13  Probe  
  14  0:19  Pylon  
  14  0:25  Probe  
  15  0:37  Forge  
  15  0:47  Pylon  
  15  0:51  Probe  
  16  0:59  Probe  
  16  1:03  Pylon  
  17  1:06  Assimilator  
  17  1:22  Photon Cannon  
  17  1:27  Photon Cannon  
  17  1:34  Pylon  
  17  1:47  Gateway  
  17  1:50  Probe  
  17  1:52  Pylon  
  18  1:58  Probe  
  18  2:01  Assimilator  
  18  2:05  Assimilator  
  18  2:08  Probe  
  20  2:18  Photon Cannon  
  20  2:19  Probe  
  21  2:27  Probe  
  21  2:36  Cybernetics Core  
  22  2:41  Probe  
  23  2:51  Photon Cannon  
  23  2:59  Pylon  
  23  3:14  Robotics Facility  
  23  3:15  Shield Battery  
  23  3:18  Stalker  
  23  3:21  Shield Battery  
  25  3:39  Shield Battery  
  25  3:42  Pylon  
  23  3:54  Immortal  
  25  4:25  Pylon  
  25  4:32  Pylon  
  25  4:38  Gateway  
  25  4:40  Gateway  
  25  4:42  Gateway  
  22  4:50  Stargate  
  21  4:53  Stargate  
  21  4:56  Warp Gate  
  21  5:03  Shield Battery  
  21  5:19  Pylon  
  28  5:37  Phoenix  
  27  5:43  Phoenix  
  25  6:02  Phoenix, Pylon  
  27  6:08  Phoenix  
  29  6:21  Photon Cannon  
  29  6:24  Forge  
  29  6:28  Shield Battery  
  29  6:36  Phoenix  
  31  6:52  Gateway  
  31  7:01  Photon Cannon  
  31  7:03  Oracle  
  34  7:33  Photon Cannon  
  34  7:40  Gateway  
  33  7:55  Oracle x2  
  39  8:01  Nexus  
  39  8:04  Pylon  
  39  8:14  Probe, Shield Battery  
  40  8:22  Probe  
  41  8:32  Oracle  
  44  8:53  Photon Cannon  
  44  9:03  Twilight Council  
  44  9:07  Probe  
  44  9:15  Probe  
  45  9:22  Probe  
  45  9:23  Zealot  
  45  9:24  Probe  
  48  9:30  Probe  
  50  9:36  Zealot  
  40  9:58  Zealot x2  
Tags
 
Matchup
PvZ
Opening
Pool First
Spawn Locations
Cross Positions
Add a new tag
Caveats
  • Supply blocks, unpowered buildings, or Contaminate may cause inaccurate times.
  • Supply counts are checked every 10 seconds.